 Dungeon Crawl Stone Soup version 0.16.0-8-gd9ae3a8 (console) character file.

39 gw the Conjurer (level 3, 0/23 HPs)
             Began as an Octopode Conjurer on Mar 17, 2015.
             Succumbed to a giant mite's poison
             ... on level 1 of the Dungeon.
             The game lasted 00:00:48 (1282 turns).

gw the Conjurer (Octopode Conjurer)                 Turns: 1282, Time: 00:00:48

Health: 0/23       AC:  1    Str:  7    XL:     3   Next: 47%
Magic:  2/6        EV: 12    Int: 18    God:
Gold:   47         SH:  0    Dex: 12    Spells: 3 memorised, 1 level left

rFire  . . .     SeeInvis .     j - -3 club (curse)
rCold  . . .     Clarity  .     (no shield)
rNeg   . . .     SustAb   .     (helmet restricted)
rPois  .         Gourm    .     (no amulet)
rElec  .         Spirit   .     (no ring)
rCorr  .         Warding  .     (no ring)
rMut   .         Stasis   .     (no ring)
MR     .....                    (no ring)
Stlth  +++.......               (no ring)
                                (no ring)
                                (no ring)
                                (no ring)

@: lethally poisoned (0 -> -4), very slightly contaminated, not resistant to
hostile enchantments, fairly stealthy
A: almost no armour, amphibious, 8 rings, constrict 8, camouflage 1, gelatinous
body 1
a: no special abilities


You were on level 1 of the Dungeon.
You were not hungry.

You visited 1 branch of the dungeon, and saw 1 of its levels.

You collected 47 gold pieces.

Inventory:

Hand weapons
 b - a +0 club
 j - a cursed -3 club (weapon)
Missiles
 g - 22 stones (quivered)
 i - 15 poisoned needles
Scrolls
 e - 5 scrolls of remove curse {unknown}
 f - a scroll of fear {unknown}
 h - a scroll of teleportation {unknown}
Potions
 d - a potion of flight {unknown}
 k - a potion of invisibility {unknown}
Books
 c - a book of Conjurations

   Spells                             Type                      Level
   a - Magic Dart                     Conjuration                  1
   b - Searing Ray                    Conjuration                  2
   c - Dazzling Spray                 Conjuration/Hexes            3
   d - Fulminant Prism                Conjuration/Hexes            4
   e - Iskenderun's Mystic Blast      Conjuration                  4
   f - Iskenderun's Battlesphere      Conjuration/Charms           5
Comestibles
 a - 3 bread rations


   Skills:
 + Level 1.0 Fighting
 + Level 1.1 Maces & Flails
 - Level 2.0 Dodging
 - Level 2.6 Stealth
 * Level 2.6 Spellcasting
 + Level 4.3 Conjurations


You had one spell level left.
You knew the following spells:

 Your Spells              Type           Power        Failure   Level  Hunger
a - Magic Dart            Conj           ###.         3%          1    #......
b - Searing Ray           Conj           ###...       6%          2    ##.....
c - Dazzling Spray        Conj/Hex       ##......     24%         3    ###....


Dungeon Overview and Level Annotations

Branches:
Dungeon (1/15)

Altars:


Innate Abilities, Weirdness & Mutations

You cannot wear most types of armour.
You are amphibious.
You can wear up to eight rings at the same time.
You can use your tentacles to constrict many enemies at once.
Your skin changes colour to match your surroundings (Stealth).
Your rubbery body absorbs attacks (AC +1).


Message History

You swing at nothing.
Unknown command.
Unknown command.
Unknown command.
Unknown command.
ATTACKING (1,0)
You swing at nothing.
You feel sick.
Unknown command.
Unknown command.
Unknown command.
Unknown command.
ATTACKING (-1,0)
You swing at nothing.
Unknown command.
Unknown command.
Unknown command.
Unknown command.
ATTACKING (1,0)
You swing at nothing.
You die...

########## #....[...#
#.######.##### #.#
#....x%.# ##### #.#
#.#####.##########....
#.# #.#
#.........)..### #.#
#.# #.s..######..##>
#.# #.# #.##.# #.[##.
#.# #.#####.##.#
#..##. #.#
#.......##s### #.....
#.# ####.###.....#
##.##. #.#
#...#.#.#.#####.##.


There were no monsters in sight!

Table legend:
 A = Turns spent in this place as a percentage of turns spent in the entire game.
 B = Non-inter-level travel turns spent in this place as a percentage of non-inter-level travel turns spent in the entire game.
 C = Inter-level travel turns spent in this place as a percentage of turns spent in this place.
 D = Turns resting spent in this place as a percentage of non-inter-level travel turns spent in this place.
 E = Turns spent auto-exploring this place as a percentage of non-inter-level travel turns spent in this place.
 F = Non-inter-level travel turns spent in this place divided by the number of levels of this place that you've seen.
                   A       B       C       D       E      F
               +-------+-------+-------+-------+-------+----------------------
         Total | 100.0 | 100.0 |   0.4 |   4.0 |   2.8 | 1486.0
       Dungeon | 100.0 | 100.0 |   0.4 |   4.0 |   2.8 | 1486.0
               +-------+-------+-------+-------+-------+----------------------

Table legend:
 A = Kills in this place as a percentage of kills in entire the game.
 B = Kills by you in this place as a percentage of kills by you in the entire game.
 C = Kills by friends in this place as a percentage of kills by friends in the entire game.
 D = Other kills in this place as a percentage of other kills in the entire game.
 E = Experience gained in this place as a percentage of experience gained in the entire game.
 F = Experience gained in this place divided by the number of levels of this place that you have seen.
                   A       B       C       D       E      F
               +-------+-------+-------+-------+-------+----------------------
         Total | 100.0 | 100.0 |  -nan |  -nan | 100.0 |  57.0
       Dungeon | 100.0 | 100.0 |  -nan |  -nan | 100.0 |  57.0
               +-------+-------+-------+-------+-------+----------------------

Vanquished Creatures
  2 giant mites (D:1)
  An ooze (D:1)
  6 bats (D:1)
  A giant cockroach (D:1)
  3 hobgoblins (D:1)
  A giant newt (D:1)
  5 goblins (D:1)
  2 kobolds (D:1)
  5 rats (D:1)
26 creatures vanquished.

Notes
Turn   | Place    | Note
--------------------------------------------------------------
     0 | D:1      | gw, the Octopode Conjurer, began the quest for the Orb.
     0 | D:1      | Reached XP level 1. HP: 11/11 MP: 3/3
   232 | D:1      | Reached XP level 2. HP: 18/18 MP: 2/4
   258 | D:1      | Learned a level 2 spell: Searing Ray
   764 | D:1      | Reached skill level 1 in Maces & Flails
   816 | D:1      | Reached XP level 3. HP: 22/22 MP: 4/6
   840 | D:1      | Learned a level 3 spell: Dazzling Spray
   861 | D:1      | Reached skill level 1 in Fighting
  1277 | D:1      | HP: 1/23 [poisoned by a giant mite]
  1282 | D:1      | Succumbed to a giant mite's poison

Action                   || total
-------------------------++-------
Melee: Club              ||    16
Throw: Stone             ||     9
 Cast: Magic Dart        ||    42
       Dazzling Spray    ||     2
  Eat: Chunk             ||     2

Vault maps used:
D:1:      wheals_arrival_linesprint
